Map: Simulacrum LE

Players

chicho

  • Race: Terran Terran
  • League: Diamond
  • Spawn Location: 11:00

ViBE - Winner!

  • Race: Terran Terran
  • League: Master
  • Spawn Location: 5:00

VOD

Have the link to the VOD?

Description

Time

  • Played on: Dec. 26, 2019, 6:01 p.m.
  • Length: 11:35
Show
View Real Time Build Order
Export as new Build Order

chicho Terran 

Build Orders:  

Get SALT Encoding   

  12  0:02  SCV  
  13  0:14  SCV  
  13  0:18  Supply Depot  
  14  0:26  SCV  
  15  0:30  Refinery  
  15  0:44  Barracks  
  15  0:48  SCV  
  16  1:00  SCV  
  17  1:12  SCV  
  18  1:24  SCV  
  19  1:34  Barracks Tech Lab  
  19  1:38  Orbital Command  
  19  1:44  Supply Depot  
  19  1:53  Marauder  
  21  2:05  SCV  
  22  2:11  Refinery  
  21  2:17  SCV  
  22  2:24  Command Center  
  22  2:29  SCV  
  23  2:40  Factory  
  23  2:41  SCV  
  23  2:53  SCV  
  23  3:05  SCV  
  24  3:14  Engineering Bay  
  24  3:17  SCV  
  25  3:30  SCV  
  26  3:35  Cyclone  
  26  3:37  Refinery  
  29  3:42  SCV  
  30  3:52  Planetary Fortress  
  30  3:54  SCV, Missile Turret  
  31  4:05  Hi-Sec Auto Tracking  
  31  4:06  SCV  
  31  4:07  Starport  
  32  4:17  Refinery  
  32  4:18  SCV  
  32  4:23  Starport  
  33  4:30  SCV  
  34  4:31  Missile Turret  
  34  4:38  SCV  
  35  4:40  Missile Turret  
  35  4:42  SCV, Missile Turret  
  36  4:50  SCV  
  36  4:52  Barracks Tech Lab  
  37  4:54  SCV  
  37  4:55  Raven  
  37  4:59  Corvid Reactor  
  40  5:06  Missile Turret  
  40  5:09  SCV  
  41  5:15  SCV  
  41  5:21  SCV  
  43  5:23  Raven  
  43  5:27  Missile Turret  
  43  5:28  SCV  
  46  5:36  Supply Depot  
  46  5:41  Supply Depot  
  46  5:57  Raven, SCV x2  
  46  5:59  Supply Depot  
  50  6:05  Missile Turret  
  50  6:08  Raven  
  50  6:09  SCV  
  53  6:14  Factory Tech Lab  
  53  6:18  Missile Turret  
  53  6:29  Command Center  
  53  6:32  SCV x2  
  55  6:40  Raven  
  57  6:49  Sensor Tower  
  57  6:50  Raven, Siege Tank  
  62  6:55  Missile Turret  
  62  7:34  Missile Turret x2  
  62  7:36  Missile Turret  
  62  7:41  Starport  
  62  7:42  Command Center, Siege Tank  
  63  7:44  SCV x2  
  65  7:51  Missile Turret  
  65  7:54  Missile Turret x2  
  65  7:56  SCV  
  65  7:58  Missile Turret  
  65  8:00  Planetary Fortress  
  59  8:35  SCV x2  
  59  8:39  Command Center  
  59  8:40  Starport Tech Lab  
  59  8:46  SCV  
  59  8:47  SCV x2  
  60  8:50  Siege Tank  
  57  8:59  SCV x2  
  57  9:00  Armory  
  57  9:02  Armory  
  60  9:11  SCV  
  60  9:22  Siege Tank  
  48  10:06  Missile Turret  
  45  10:12  Fusion Core  
  45  10:13  Siege Tank  
  48  10:16  Planetary Fortress  
  48  10:30  Refinery  
  48  10:34  Refinery  
  48  10:35  Starport  
  48  10:37  Barracks Tech Lab  
  48  10:45  Siege Tank  
Show
View Real Time Build Order
Export as new Build Order

ViBE Terran - Winner!

Build Orders: Reaper Expand, Mech 

Get SALT Encoding   

  12  0:01  SCV  
  13  0:13  SCV  
  14  0:17  Supply Depot  
  14  0:25  SCV  
  15  0:39  SCV  
  15  0:41  Barracks  
  16  0:45  Refinery  
  16  0:51  SCV  
  17  1:03  SCV  
  18  1:15  SCV  
  19  1:29  Orbital Command  
  19  1:38  Reaper  
  20  1:51  Command Center  
  20  1:56  Supply Depot  
  20  2:04  SCV  
  21  2:16  SCV  
  21  2:23  Factory  
  21  2:26  Refinery  
  21  2:29  SCV  
  22  2:41  SCV  
  23  2:53  SCV  
  23  2:55  Barracks Tech Lab  
  24  3:05  SCV  
  25  3:07  Orbital Command  
  25  3:12  Starport  
  25  3:17  SCV  
  26  3:26  Siege Tank  
  29  3:29  SCV  
  29  3:33  SCV  
  31  3:36  Barracks Reactor  
  31  3:41  SCV  
  31  3:44  Command Center  
  31  3:45  SCV  
  33  3:55  SCV  
  34  3:57  SCV  
  34  4:00  Siege Tank  
  38  4:07  SCV  
  38  4:09  SCV  
  40  4:13  Refinery  
  40  4:19  SCV, Supply Depot  
  40  4:22  SCV  
  42  4:24  Supply Depot  
  42  4:31  SCV  
  43  4:33  Viking, Refinery  
  43  4:34  SCV  
  46  4:41  Viking  
  46  4:42  Supply Depot  
  46  4:43  SCV  
  46  4:44  Supply Depot  
  49  4:46  SCV  
  50  4:55  SCV  
  50  4:57  Orbital Command  
  50  4:58  SCV  
  52  5:01  Siege Tank  
  55  5:07  Factory  
  55  5:08  Factory  
  55  5:14  SCV  
  55  5:15  SCV, Supply Depot  
  57  5:22  Viking x2  
  61  5:29  SCV x2  
  61  5:34  Supply Depot  
  63  5:38  Orbital Command  
  63  5:39  Siege Tank  
  63  5:41  SCV x2  
  68  5:45  Supply Depot  
  67  5:58  Factory Reactor, Factory Tech Lab  
  67  6:00  SCV x2  
  69  6:04  SCV  
  69  6:07  Supply Depot  
  69  6:11  Viking x2, Engineering Bay  
  74  6:12  SCV x2  
  74  6:15  Siege Tank  
  79  6:18  Siege Tank  
  79  6:20  SCV  
  79  6:24  SCV x2  
  85  6:32  SCV  
  86  6:34  Command Center  
  86  6:44  Sensor Tower  
  86  6:45  Sensor Tower  
  86  6:50  SCV x3  
  86  6:51  Hellion x2  
  86  6:52  Siege Tank  
  96  6:57  Siege Tank  
  96  7:00  Refinery  
  96  7:01  Refinery  
  99  7:02  SCV x3  
  102  7:14  SCV x3  
  105  7:18  Armory  
  105  7:19  Armory  
  103  7:26  SCV x3  
  106  7:38  SCV x3  
  106  7:44  Viking x2, Hellion x2  
  113  7:50  SCV x3  
  120  7:51  Starport x2  
  120  7:56  Command Center  
  120  8:02  SCV x2  
  120  8:03  SCV  
  123  8:11  Thor x2  
  127  8:30  Hellion x2  
  127  9:03  Supply Depot  
  127  9:04  Supply Depot  
  127  9:05  Supply Depot x3  
  127  9:06  Supply Depot  
  127  9:07  Supply Depot  
  127  9:08  Supply Depot  
  127  9:13  Command Center  
  127  9:15  SCV x3  
  130  9:18  Thor, Command Center  
  130  9:19  Hellion x2  
  130  9:20  Starport Reactor x2  
  130  9:23  Terran Vehicle And Ship Armor Level 1, Terran Vehicle Weapons Level 1  
  140  9:25  Thor  
  140  9:27  SCV  
  138  9:51  Hellion  
  138  9:52  Viking x2, Hellion  
  146  10:01  Thor, Viking x4  
  160  10:07  Thor  
  160  10:08  Planetary Fortress  
  166  10:22  Viking  
  166  10:26  Refinery  
  166  10:28  Refinery  
  168  10:39  Viking x5  
  178  10:52  Viking  
  180  11:01  Hellion x2  
  191  11:04  SCV x2  
  191  11:05  SCV x2  
  198  11:16  Factory x4  
Tags
 
Composition
Mech
Matchup
TvT
Race
Terran
Spawn Locations
Cross Positions
Add a new tag
Caveats
  • Supply blocks, unpowered buildings, or Contaminate may cause inaccurate times.
  • Supply counts are checked every 10 seconds.